 Dungeon Sprint DCSS version 0.31-a0-142-g31f6795574 (webtiles) character file.

Game seed: 5455014765153616304

7415 rocky1 the Severer (level 11, -2/93 HPs)
             Began as a Formicid Fighter on June 4, 2023.
             Was a High Priest of Okawaru.
             Slain by a sun demon (17 damage)
             ... in the Dungeon (Sprint VII: "The Pits").
             The game lasted 00:06:11 (2522 turns).

rocky1 the Severer (Formicid Fighter)               Turns: 2522, Time: 00:06:11

Health: -2/93      AC: 14    Str: 28    XL:     11   Next: 36%
Magic:  17/17      EV: 14    Int: 11    God:    Okawaru [*****.]
Gold:   0          SH:  8    Dex: 13    Spells: 10/10 levels left

rFire   . . .        p - +1 broad axe (heavy)
rCold   . . .        c - +0 buckler
rNeg    . . .        a - +0 swamp dragon scales
rPois   +            (helmet unavailable)
rElec   .            (no cloak)
rCorr   .            q - +0 pair of gloves
SInv    +            (no boots)
Will    +....        (no amulet)
Stlth   +++          d - +3 ring of intelligence
HPRegen 0.35/turn    m - +3 ring of strength
MPRegen 0.15/turn

%: no passive effects
@: heroic
A: permanent stasis, dig shafts and tunnels, antennae 3, four strong arms
a: Dig, Renounce Religion, Heroism, Finesse


You were in the Dungeon.
You worshipped Okawaru.
Okawaru was extremely pleased with you.
You visited 1 branch

Inventory:

Hand Weapons
 p - a +1 heavy broad axe (weapon)
Armour
 a - +0 swamp dragon scales (worn)
 c - a +0 buckler (worn)
 q - a +0 pair of gloves (worn)
Jewellery
 d - a +3 ring of intelligence (left hand)
 m - a +3 ring of strength (right hand)
Scrolls
 j - 5 scrolls of amnesia
Potions
 e - 6 potions of curing
 f - 5 potions of heal wounds
 g - 4 potions of magic
 n - a potion of might
 o - a potion of brilliance


   Skills:
 + Level 11.2(16.2) Fighting
 * Level 18.6(23.6) Axes
 + Level 12.9(17.9) Armour
 + Level 3.0(8.0) Dodging
 - Level 2.2(7.2) Stealth
 + Level 11.3(16.3) Shields
 + Level 9.0 Invocations


You had 10 spell levels left.
You didn't know any spells.
Your spell library was empty.

Dungeon Overview and Level Annotations

Branches:
Dungeon (1/1)

Altars:
Ashenzari
Cheibriados
Dithmenos
Elyvilon
Fedhas
Gozag
Hepliaklqana
Kikubaaqudgha
Makhleb
Nemelex Xobeh
Okawaru
Qazlal
Ru
Sif Muna
Trog
Uskayaw
Vehumet
Wu Jian
Xom
Yredelemnul
Zin
The Shining One
Jiyva
Lugonu


Innate Abilities, Weirdness & Mutations

You cannot be hasted, slowed, berserked, paralysed or teleported.
You can dig through walls and to a lower floor.
You have a pair of large antennae on your head. (SInv)
Your four strong arms can wield two-handed weapons with a shield.


Message History

The snapping turtle completely misses you.
Your base Dodging skill increases to level 3!
Unknown command.
Unknown command.
You feel much better. The sun demon hits you.
You are engulfed in flames!
The snapping turtle barely misses you.
The sun demon hits you but does no damage.
Unknown command.
You hit the sun demon but do no damage. The sun demon barely misses you.
The snapping turtle barely misses you.
You closely miss the sun demon.
The sun demon hits you but does no damage.
The snapping turtle bites you from afar.
The eye of devastation pulsates ominously.
You closely miss the sun demon. The sun demon closely misses you.
The snapping turtle bites you from afar!
* * * LOW HITPOINT WARNING * * *
You hit the sun demon.
The sun demon is lightly wounded.
You block the sun demon's attack. The snapping turtle barely misses you.
The sun demon hits you!
* * * LOW HITPOINT WARNING * * *
You are engulfed in flames!
* * * LOW HITPOINT WARNING * * *
You feel much better.
The snapping turtle bites you from afar!
* * * LOW HITPOINT WARNING * * *
The sun demon closely misses you.
You feel much better. The sun demon closely misses you.
The snapping turtle bites you from afar!!
* * * LOW HITPOINT WARNING * * *
You feel much better. The sun demon hits you.
You are engulfed in flames!
The snapping turtle barely misses you.
Unknown command.
You slice the sun demon!!
The sun demon is severely wounded.
The sun demon hits you!
You are engulfed in flames!
* * * LOW HITPOINT WARNING * * *
The snapping turtle misses you. The sun demon hits you!
You die...

........+ .#......# {{
........# #''######
#''##### ###########
#......# #.........#
#......# ##.......##
##....## ####...#### ###
##')## ###..+))@3G.##..#
##.)..###....##'##t....#
#.....)#....##...##....#
#.....))....+.....+....+
#...÷.†#....##...##....#
##....###....##'##.....#
##÷÷## ###..'...+..##..#
##....## ####...#### ###
#......# #.).....#


You could see a snapping turtle, an eye of devastation and a sun demon.

Vanquished Creatures
  A sea snake (D)
  A swamp dragon (D)
  A bog body (D)
  A phantasmal warrior (D)
  2 deep elf zephyrmancers (D)
  An orc sorcerer (D)
  An orc knight (D)
  A manticore (D)
  3 hellwings (D)
  5 blink frogs (D)
  3 yaks (D)
  2 redbacks (D)
  A water moccasin (D)
  2 swamp drakes (D)
  An ice beast (D)
  An orc warrior (D)
  5 wolves (D)
  A kobold brigand (D)
  A necrophage (D)
  A scorpion (D)
  A gnoll sergeant (D)
  An orc priest (D)
  2 orc wizards (D)
  An adder (D)
  4 gnolls (D)
  A white imp (D)
  2 adder skeletons (D)
  6 orcs (D)
  A bat (D)
  An endoplasm (D)
  3 giant cockroaches (D)
  A goblin (D)
  2 hobgoblins (D)
  2 kobolds (D)
  A ball python (D)
64 creatures vanquished.

Notes
Turn   | Place    | Note
-------+----------+-------------------------------------------
     0 | D        | rocky1 the Formicid Fighter began the quest for the Orb.
     0 | D        | Reached XP level 1. HP: 18/18 MP: 1/1
    19 | D        | Found a bloodstained altar of Trog.
    19 | D        | Found a shimmering blue altar of Sif Muna.
    19 | D        | Found a viscous altar of Jiyva.
    19 | D        | Found a hazy altar of Hepliaklqana.
    19 | D        | Found an opulent altar of Gozag.
    20 | D        | Found a glowing golden altar of the Shining One.
    20 | D        | Found a glowing silver altar of Zin.
    20 | D        | Found a basalt altar of Yredelemnul.
    20 | D        | Found a shimmering altar of Xom.
    20 | D        | Found an ornate altar of the Wu Jian Council.
    20 | D        | Found a sacrificial altar of Ru.
    20 | D        | Found a stormy altar of Qazlal.
    20 | D        | Found an iron altar of Okawaru.
    20 | D        | Found a sparkling altar of Nemelex Xobeh.
    20 | D        | Found a burning altar of Makhleb.
    20 | D        | Found a blossoming altar of Fedhas.
    20 | D        | Found a white marble altar of Elyvilon.
    20 | D        | Found a shadowy altar of Dithmenos.
    20 | D        | Found a snail-covered altar of Cheibriados.
    22 | D        | Found a radiant altar of Vehumet.
    22 | D        | Found a corrupted altar of Lugonu.
    23 | D        | Found a hide-covered altar of Uskayaw.
    23 | D        | Found an ancient bone altar of Kikubaaqudgha.
    23 | D        | Found a broken altar of Ashenzari.
    28 | D        | Became a worshipper of Warmaster Okawaru
    85 | D        | Reached skill level 1 in Invocations
    85 | D        | Reached XP level 2. HP: 13/25 MP: 1/3
    88 | D        | Reached skill level 3 in Axes
   227 | D        | Noticed a scorpion
   239 | D        | Killed a scorpion
   240 | D        | Reached skill level 5 in Fighting
   240 | D        | Reached skill level 5 in Axes
   240 | D        | Reached skill level 5 in Armour
   240 | D        | Reached skill level 5 in Shields
   240 | D        | Reached XP level 3. HP: 33/33 MP: 3/5
   240 | D        | Reached XP level 4. HP: 39/39 MP: 3/6
   254 | D        | Reached XP level 5. HP: 44/44 MP: 4/8
   360 | D        | Noticed an ice beast
   360 | D        | Noticed a water moccasin
   378 | D        | Reached * piety under Okawaru
   379 | D        | Reached skill level 7 in Axes
   396 | D        | Killed a water moccasin
   397 | D        | Reached skill level 8 in Axes
   397 | D        | Reached skill level 1 in Dodging
   397 | D        | Reached skill level 5 in Invocations
   397 | D        | Reached XP level 6. HP: 31/53 MP: 8/10
   410 | D        | Killed an ice beast
   411 | D        | Reached skill level 9 in Axes
   411 | D        | Reached skill level 1 in Stealth
   411 | D        | Reached XP level 7. HP: 10/59 MP: 9/11
   661 | D        | Reached skill level 10 in Axes
  1002 | D        | Noticed a hellwing
  1002 | D        | Noticed a sea snake
  1013 | D        | Killed a sea snake
  1013 | D        | Reached ** piety under Okawaru
  1014 | D        | Reached skill level 12 in Axes
  1014 | D        | Reached XP level 8. HP: 45/68 MP: 10/14
  1031 | D        | Killed a hellwing
  1420 | D        | Noticed a deep elf zephyrmancer
  1423 | D        | Reached skill level 13 in Axes
  1426 | D        | Killed a deep elf zephyrmancer
  1426 | D        | Reached *** piety under Okawaru
  1427 | D        | Reached XP level 9. HP: 63/75 MP: 13/15
  1432 | D        | Noticed a blink frog
  1432 | D        | Noticed a blink frog
  1432 | D        | Noticed a blink frog
  1432 | D        | Noticed a blink frog
  1432 | D        | Noticed a blink frog
  1432 | D        | Noticed a swamp dragon
  1432 | D        | Noticed a bog body
  1434 | D        | Killed a blink frog
  1435 | D        | Reached skill level 14 in Axes
  1436 | D        | Killed a bog body
  1436 | D        | Reached **** piety under Okawaru
  1437 | D        | Reached skill level 10 in Armour
  1437 | D        | Killed a blink frog
  1438 | D        | Reached skill level 15 in Axes
  1438 | D        | Killed a blink frog
  1439 | D        | Reached XP level 10. HP: 37/83 MP: 14/16
  1439 | D        | Killed a swamp dragon
  1439 | D        | Reached ***** piety under Okawaru
  1451 | D        | Reached skill level 16 in Axes
  1763 | D        | Noticed a manticore
  1763 | D        | Noticed an orc knight
  1763 | D        | Noticed an orc sorcerer
  1767 | D        | Killed an orc sorcerer
  1768 | D        | Reached skill level 10 in Fighting
  1768 | D        | Reached skill level 10 in Shields
  1777 | D        | Killed an orc knight
  1777 | D        | Killed a manticore
  1777 | D        | Received a gift from Okawaru
  1778 | D        | Reached skill level 17 in Axes
  1804 | D        | Reached XP level 11. HP: 51/92 MP: 17/17
  1814 | D        | Noticed a sun demon
  1816 | D        | Noticed a deep elf zephyrmancer
  1837 | D        | Reached skill level 18 in Axes
  2271 | D        | Noticed a phantasmal warrior
  2278 | D        | Killed a phantasmal warrior
  2513 | D        | Killed a deep elf zephyrmancer
  2513 | D        | Identified the +1 hand axe of Oozing Pus {drain, *Rage
                  | +Blink Str+4 Dex+3} (Okawaru gifted it to you in the
                  | Dungeon)
  2513 | D        | Received a gift from Okawaru
  2518 | D        | HP: 2/93 [sun demon (13)]
  2522 | D        | Slain by a sun demon

Illustrated notes

Levels and vault maps discovered:
D:        pitsprint [storerooms_1, entrance_room_1, metal_vault_2, armoury_1,
          mini_pit_1, grid_room_1, main_hall_1, silver_pit, the_coven_1,
          the_vestibule_1, steel_vault_1, golden_pit, hallway_of_sentries,
          crystal_vault_5, iron_vault_1, final_vault]

Skill      XL: |  1  2  3  4  5  6  7  8  9 10 11 |
---------------+----------------------------------+-----
Fighting       | 4 5 6 7 8 9 10 11 | 11.2
Armour         | 4 5 6 7 9 10 12 | 12.9
Invocations    | 1 3 4 5 6 8 9 |  9.0
Axes           | 5 8 9 12 13 15 17 18 | 18.6
Shields        | 5 6 7 8 9 10 11 | 11.3
Dodging        | 1 2 3 |  3.0
Stealth        | 1 2 |  2.2

Action                     |  1- 3 |  4- 6 |  7- 9 | 10-12 || total
---------------------------+-------+-------+-------+-------++-------
  Melee: War axe           |    30 |    55 |    55 |       ||   140
         Broad axe         |       |       |    10 |    61 ||    71
 Invoke: Heroism           |       |       |     2 |     3 ||     5
    Use: Potion            |     1 |     3 |     1 |     7 ||    12
   Stab: Invisible         |       |     1 |       |     3 ||     4
         Sleeping          |       |       |       |     3 ||     3
 Armour: Scale mail        |    14 |     7 |       |       ||    21
         Plate armour      |       |    25 |    24 |     3 ||    52
         Swamp dragon scal |       |       |       |    22 ||    22
  Dodge: Dodged            |    11 |    11 |    20 |    44 ||    86
  Block: Buckler           |     5 |    11 |    21 |    31 ||    68

Table legend: (Time is in decaauts)
 A = Elapsed time spent in this place.
 B = Non-inter-level travel time spent in this place.
 C = Inter-level travel time spent in this place.
 D = Time resting spent in this place.
 E = Time spent auto-exploring this place.
 F = Levels seen in this place.
 G = Mean time per level.
                   A        B        C        D        E       F      G
               +--------+--------+--------+--------+--------+-----+--------+
         Total |   2541 |   2437 |    104 |   1857 |      0 |   1 | 2541.0 |
       Dungeon |   2541 |   2437 |    104 |   1857 |      0 |   1 | 2541.0 |
               +--------+--------+--------+--------+--------+-----+--------+

Top non-repeatable levels by time:
       D: 2541 daAuts
